Map: Daybreak LE (Void)

Players

Emil - Winner!

  • Race: Terran Terran
  • League: Diamond
  • Spawn Location: 7:00

Tank

  • Race: Zerg Zerg
  • League: Silver
  • Spawn Location: 1:00

VOD

Have the link to the VOD?

Description

Time

  • Played on: Nov. 24, 2016, 1:32 p.m.
  • Length: 7:15
Show
View Real Time Build Order
Export as new Build Order

Emil Terran - Winner!

Build Orders:  

Get SALT Encoding   

  12  0:01  SCV  
  13  0:15  Supply Depot  
  13  0:22  SCV  
  14  0:34  SCV  
  15  0:40  Barracks  
  15  0:46  Refinery  
  15  0:47  SCV  
  16  0:59  SCV  
  17  1:13  SCV  
  17  1:14  Refinery  
  18  1:27  SCV  
  18  1:29  Marine  
  20  1:45  Orbital Command  
  20  1:46  Marine  
  21  2:05  Command Center  
  21  2:14  SCV  
  22  2:22  Supply Depot  
  22  2:38  SCV  
  22  2:39  Barracks Reactor  
  23  2:45  Factory  
  23  2:50  SCV  
  24  3:03  SCV  
  24  3:05  Factory  
  25  3:15  Supply Depot, SCV  
  27  3:29  Orbital Command  
  26  3:35  Orbital Command  
  26  3:37  SCV  
  29  3:41  Hellion x2  
  29  3:44  Barracks Tech Lab  
  31  3:49  SCV  
  31  3:52  Bunker  
  32  4:04  Hellion x2  
  36  4:12  SCV  
  36  4:15  Cyclone, Infernal Pre-Igniter  
  40  4:26  Hellion  
  38  4:41  Cyclone  
  37  4:47  Cyclone  
  36  4:57  SCV x2  
  36  4:59  Cyclone  
  41  5:13  Cyclone  
  44  5:19  Cyclone  
  47  5:24  Supply Depot  
  47  5:32  Hellion  
  47  5:33  Supply Depot  
  49  5:45  Hellion  
  51  5:51  Hellion  
  51  5:53  Hellion  
  55  6:06  Hellion  
  57  6:11  Starport  
  57  6:13  Hellion  
  59  6:20  Hellion  
  61  6:28  Hellion  
  61  6:29  Command Center  
  61  6:30  Engineering Bay  
  63  6:34  Hellion, Marine  
  66  6:41  SCV x2  
  66  6:42  Hellion  
  70  6:54  Marine  
  70  6:55  SCV  
  70  7:02  SCV  
Show
View Real Time Build Order
Export as new Build Order

Tank Zerg 

Build Orders: Pool First, Roach Nydus 

Get SALT Encoding   

  12  0:01  Drone  
  13  0:10  Drone  
  14  0:17  Overlord  
  14  0:31  Extractor  
  13  0:39  Drone, Spawning Pool  
  13  0:44  Drone  
  13  0:48  Drone  
  15  0:54  Drone  
  16  1:01  Drone  
  17  1:12  Drone  
  18  1:22  Overlord  
  18  1:26  Queen  
  18  1:32  Extractor  
  19  1:33  Drone  
  20  1:44  Drone  
  21  1:57  Drone  
  22  2:02  Lair  
  22  2:06  Zergling x2  
  23  2:16  Zergling x2  
  23  2:21  Roach Warren  
  23  2:29  Drone  
  24  2:33  Metabolic Boost  
  24  2:43  Overlord  
  24  2:44  Overlord  
  24  3:05  Drone x3  
  27  3:12  Nydus Network  
  26  3:20  Drone  
  26  3:22  Drone  
  26  3:24  Roach x2  
  32  3:29  Overseer  
  32  3:40  Roach x2  
  36  3:58  Zergling x4  
  36  4:00  Overlord x2  
  38  4:15  Nydus Canal  
  38  4:21  Drone x3  
  38  4:41  Roach x2  
  38  4:58  Zergling x8  
  38  5:20  Roach x2  
  42  5:41  Zergling x2  
  42  5:42  Zergling x6  
  46  5:45  Nydus Canal  
  46  5:55  Zergling x2  
  46  5:56  Zergling x6  
  47  6:23  Hatchery  
  46  6:30  Roach x3  
  52  6:33  Queen  
  52  6:35  Hatchery  
  52  6:38  Hatchery  
  52  6:53  Zergling x2  
  52  6:54  Zergling x2  
Tags
 
Matchup
TvZ
Opening
Pool First
Replay Pack
EmSC2Tv
Spawn Locations
Cross Positions
Strategy
Roach Nydus
Add a new tag
Caveats
  • Supply blocks, unpowered buildings, or Contaminate may cause inaccurate times.
  • Supply counts are checked every 10 seconds.